 Dungeon Crawl Stone Soup version 0.23-a0-650-ga4d50d4 (webtiles) character file.

327 Blackhawk the Chopper (level 6, 0/56 HPs)
             Began as a Hill Orc Monk on Jan 5, 2019.
             Was an Initiate of Ru.
             Slain by an orc warrior
             ... wielding a cursed -2 halberd
              (17 damage)
             ... on level 4 of the Dungeon.
             The game lasted 00:06:39 (3374 turns).

Blackhawk the Chopper (Hill Orc Monk)               Turns: 3374, Time: 00:06:39

Health: 0/56       AC: 11    Str: 16    XL:     6   Next: 50%
Magic:  6/6        EV:  8    Int: 10    God:    Ru [......]
Gold:   98         SH:  0    Dex: 13    Spells: 5/5 levels left

rFire    . . .     SeeInvis .   j - +0 war axe
rCold    . . .     Gourm    .   (no shield)
rNeg     . . .     Faith    .   l - +0 chain mail
rPois    .         Spirit   .   q - +2 hat
rElec    .         Reflect  .   n - +0 cloak
rCorr    .         Harm     .   (no gloves)
MR       .....                  (no boots)
Stlth    ..........             (no amulet)
HPRegen  0.18/turn              (no ring)
MPRegen  0.10/turn              (no ring)

@: no status effects
A: disrupted magic 1
a: Renounce Religion, Convert to Beogh


You were on level 4 of the Dungeon.
You worshipped Ru.
Ru was noncommittal.
You were not hungry.

You visited 1 branch of the dungeon, and saw 5 of its levels.

You collected 98 gold pieces.

Inventory:

Hand Weapons
 a - a +0 hand axe
 d - a +0 dagger of protection
 j - a +0 war axe (weapon)
Armour
 b - a +0 robe
 l - a +0 chain mail (worn)
 n - a +0 cloak (worn)
 q - a +2 hat (worn)
Wands
 t - a wand of iceblast (12)
Scrolls
 e - 4 scrolls of identify {unknown}
 i - 2 scrolls of remove curse {unknown}
 k - a scroll of immolation {unknown}
 p - a scroll of enchant weapon {unknown}
 r - a scroll of amnesia {unknown}
 s - a scroll of teleportation {unknown}
Potions
 f - 3 potions of curing {unknown}
 g - 2 potions of might {unknown}
 h - a potion of lignification {unknown}
 m - a potion of berserk rage {unknown}
Comestibles
 c - 8 rations
 o - 11 chunks of flesh


   Skills:
 + Level 5.2 Fighting
 + Level 5.8 Axes
 + Level 3.5 Dodging
 + Level 3.2 Stealth


You had 5 spell levels left.
You didn't know any spells.
Your spell library was empty.

Dungeon Overview and Level Annotations

Branches:
Dungeon (5/15)
 Temple: D:4-7

Altars:
Hepliaklqana
Qazlal
Ru


Innate Abilities, Weirdness & Mutations

Your casting is slightly disrupted.


Message History

The orc warrior shouts!
The orc priest calls down the wrath of Beogh upon you.
Beogh smites you!
An orc priest comes into view. It is wielding a +0 flail.
The orc priest shouts!
The orc priest looks encouraged for a moment.
The orc warrior completely misses you.
A quokka comes into view.
The orc priest mumbles some strange prayers to Beogh against you.
Beogh smites you! The orc warrior closely misses you.
You hit the orc warrior.
The orc warrior is lightly wounded.
The orc warrior hits you with a cursed -2 halberd.
You hit the orc warrior but do no damage.
The orc warrior is lightly wounded.
The orc warrior hits you with a cursed -2 halberd!
You hit the orc warrior but do no damage.
The orc warrior is lightly wounded.
The orc warrior hits you with a cursed -2 halberd!
You die...

######...####
.........#
##......##
#......#
######.# #.#
#.# #.# #@#
#o# #o# #o#
#r# #.# #.#
#.#


You could see an orc warrior, 2 orc priests and a quokka.

Vanquished Creatures
  A crimson imp (D:5)
  An orc wizard (D:5)
  Crazy Yiuf (D:2)
  A hound (D:4)
  Natasha (thrice) (D:2)
  An adder (D:2)
  3 gnolls (D:2)
  A shadow imp (D:5)
  A worm (D:3)
  2 dart slugs (D:1)
  2 leopard geckos
  9 orcs
  5 giant cockroaches
  10 goblins
  8 hobgoblins
  9 kobolds
  A quokka (D:3)
  A ball python (D:2)
  8 bats
  4 frilled lizards
  4 rats
76 creatures vanquished.

Notes
Turn   | Place    | Note
-------+----------+-------------------------------------------
     0 | D:1      | Blackhawk the Hill Orc Monk began the quest for the Orb.
     0 | D:1      | Reached XP level 1. HP: 19/19 MP: 1/1
   152 | D:1      | Reached XP level 2. HP: 27/27 MP: 2/2
   677 | D:1      | Reached XP level 3. HP: 31/33 MP: 3/3
  1411 | D:2      | Reached XP level 4. HP: 31/40 MP: 4/4
  1719 | D:2      | Noticed Natasha
  1727 | D:2      | Killed Natasha
  1727 | D:2      | Reached skill level 5 in Axes
  1872 | D:2      | Noticed Natasha
  1891 | D:2      | Killed Natasha
  1891 | D:2      | Reached XP level 5. HP: 33/47 MP: 5/5
  2129 | D:2      | Found a stormy altar of Qazlal.
  2129 | D:2      | Found a sacrificial altar of Ru.
  2133 | D:2      | Became a worshipper of Ru the Awakened
  2152 | D:2      | Gained mutation: Your casting is slightly disrupted. [Ru
                  | sacrifice]
  2286 | D:2      | Found a hazy altar of Hepliaklqana.
  2308 | D:2      | Noticed Natasha
  2311 | D:2      | Killed Natasha
  2332 | D:2      | Found a runed door.
  2703 | D:2      | Noticed Crazy Yiuf
  2710 | D:2      | Killed Crazy Yiuf
  3164 | D:3      | You fall through a shaft for 2 floors!
  3164 | D:5      | Entered Level 5 of the Dungeon
  3172 | D:5      | Reached skill level 5 in Fighting
  3172 | D:5      | Reached XP level 6. HP: 35/56 MP: 6/6
  3367 | D:4      | Noticed an orc warrior
  3374 | D:4      | Slain by an orc warrior

Vault maps used:
D:1:      saegor_arrival_simple_b
D:2:      nicolae_overflow_crystal_walls, gammafunk_temple_overflow_wave,
          uniq_crazy_yiuf_cottage, uniq_natasha
D:3:      first_ration
D:4:      eat_drink_and_be_merry_uskayaw, uniq_sigmund, uniq_pikel
D:5:      minmay_temple_entry_trees, kennysheep_small_square

Skill      XL: |  1  2  3  4  5 |
---------------+----------------+-----
Fighting       | 4 5 |  5.2
Stealth        | 2 3 |  3.2
Axes           | 5 |  5.8
Dodging        | 3 |  3.5

Action                   |  1- 3 |  4- 6 || total
-------------------------+-------+-------++-------
Melee: Hand axe          |    94 |       ||    94
       War axe           |    21 |   134 ||   155
Invok: Sacrifice Essence |       |     1 ||     1
 Stab: Sleeping          |     2 |     2 ||     4
  Eat: Chunk             |     2 |     6 ||     8
Armor: Robe              |    17 |     5 ||    22
       Chain mail        |       |    67 ||    67
Dodge: Dodged            |    73 |    77 ||   150

Table legend:
 A = Non-vault XP
 B = Vault XP
 C = Vault XP percentage of total XP
 D = Non-vault monster count
 E = Vault monster count
 F = Vault count percentage of total count
                 A         B        C        D         E       F
            +---------+---------+-------+---------+---------+-------
      Total |     392 |      76 |  16.2 |      74 |       2 |   2.6
            +---------+---------+-------+---------+---------+-------
        D:1 |      51 |       0 |   0.0 |      29 |       0 |   0.0
        D:2 |     146 |      76 |  34.2 |      19 |       2 |   9.5
        D:3 |      27 |       0 |   0.0 |      13 |       0 |   0.0
        D:4 |      55 |       0 |   0.0 |       6 |       0 |   0.0
        D:5 |     113 |       0 |   0.0 |       7 |       0 |   0.0
            +---------+---------+-------+---------+---------+-------
